 Dungeon Crawl Stone Soup version 0.24-a0-373-g39439d8 (webtiles) character file.

Game seed: 13284272153289730072

6 Belboz the Grasshopper (level 1, -7/9 HPs)
             Began as a Felid Warper on May 30, 2019.
             Mangled by a gnoll
             ... wielding a +0 halberd
              (9 damage)
             ... on level 1 of the Dungeon.
             The game lasted 00:01:15 (461 turns).

Belboz the Grasshopper (Felid Warper)                Turns: 461, Time: 00:01:15

Health: -7/9       AC:  1    Str:  7    XL:     1   Next: 75%
Magic:  4/4        EV: 18    Int: 14    God:
Gold:   39         SH:  0    Dex: 15    Spells: 4/4 levels left
                                        Lives:  0   Deaths: 0

rFire    . . .     SeeInvis +     - Unarmed
rCold    . . .     Gourm    .   (shield unavailable)
rNeg     . . .     Faith    .   (armour unavailable)
rPois    .         Spirit   .   (helmet unavailable)
rElec    .         Reflect  .   (cloak unavailable)
rCorr    .         Harm     .   (gloves unavailable)
MR       .....                  (boots unavailable)
Stlth    ++........             (no amulet)
HPRegen  0.03/turn              (no ring)
MPRegen  0.09/turn              (no ring)

@: quick
A: very small, no armour, no weapons or thrown items, stealth, claws 1, fangs 3,
see invisible, carnivore, speed 1, shaggy fur 1, slow metabolism 1, sharp paws
a: no special abilities


You were on level 1 of the Dungeon.
You were very full.

You visited 1 branch of the dungeon, and saw 1 of its levels.

You collected 39 gold pieces.

Inventory:

Scrolls
 b - a scroll of blinking
 e - a scroll of identify {unknown}
Potions
 a - a potion of might {unknown}
 d - a potion of agility {unknown}
Comestibles
 c - a ration


   Skills:
 + Level 2.0 Fighting
 - Level 3.2 Dodging
 * Level 1.4 Stealth
 - Level 2.0 Unarmed Combat
 + Level 2.2 Spellcasting
   Level 4.4 Translocations


You had 4 spell levels left.
You didn't know any spells.
Your spell library contained the following spells:

 Spells                   Type           Power        Failure   Level  Hunger
 Blink                    Tloc           N/A          6%          2    ###....
 Gell's Gravitas          Tloc           ##........   12%         3    ###....
 Lesser Beckoning         Tloc           ##........   12%         3    ###....
 Teleport Other           Tloc           ##......     12%         3    ###....
 Shroud of Golubria       Chrm/Tloc      #.........   14%         2    ###....
 Passage of Golubria      Tloc           N/A          36%         4    #####..


Dungeon Overview and Level Annotations

Branches:
Dungeon (1/15)

Altars:


Innate Abilities, Weirdness & Mutations

You cannot wear armour.
You are incapable of wielding weapons or throwing items.
Your paws allow you to move quietly. (Stealth)
You have sharp claws.
You have razor-sharp teeth.
You have supernaturally acute eyesight. (SInv)
You are carnivorous and can eat meat at any time.
You cover ground quickly.
You are covered in fur. (AC +1)
You have a slow metabolism.
Your sharp claws are effective at attacking unaware monsters.


Message History

The gnoll barely misses you.
You scratch the gnoll but do no damage. You barely miss the gnoll.
The gnoll completely misses you.
You scratch the gnoll but do no damage. The gnoll closely misses you.
You scratch the gnoll but do no damage. The gnoll misses you.
You scratch the gnoll. You bite the gnoll, but do no damage.
The gnoll is lightly wounded.
The gnoll hits you with a +0 halberd.
Ouch! That really hurt!
* * * LOW HITPOINT WARNING * * *
You scratch the gnoll.
The gnoll is moderately wounded.
You scratch the gnoll.
The gnoll is moderately wounded.
The gnoll misses you.
You scratch the gnoll.
The gnoll is heavily wounded.
The gnoll hits you with a +0 halberd!
Ouch! That really hurt!
You die...

.# g#
##################
.#
#..(..............
K#
#.################
.# #.# l# #.# .#
#.# .# #.# .####
#@# ....# #g#
###.# #.#
#.############.#
#......g.รท.....#
##############.#
#.# #.# ###


You could see a gnoll.

Vanquished Creatures
  A frilled lizard (D:1)
  4 goblins (D:1)
  A rat (D:1)
6 creatures vanquished.

Notes
Turn   | Place    | Note
-------+----------+-------------------------------------------
     0 | D:1      | Belboz the Felid Warper began the quest for the Orb.
     0 | D:1      | Reached XP level 1. HP: 9/9 MP: 4/4
    80 | D:1      | Reached skill level 1 in Stealth
   461 | D:1      | Mangled by a gnoll

Levels and vault maps discovered:
D:1:      minmay_arrival_five_plusses, layout_basic

Skill      XL: |  1 |
---------------+----+-----
Stealth        | 1 |  1.4
Fighting       | |  2.0
Dodging        | |  3.2
Unarmed Combat | |  2.0
Spellcasting   | |  2.2
Translocations | |  4.4

Action                   || total
-------------------------++-------
Melee: Unarmed           ||    35
       Bite              ||     3
  Eat: Chunk             ||     4
Armor: Skin              ||     1
Dodge: Dodged            ||    32

Table legend:
 A = Non-vault XP
 B = Vault XP
 C = Vault XP percentage of total XP
 D = Non-vault monster count
 E = Vault monster count
 F = Vault count percentage of total count
                 A         B        C        D         E       F
            +---------+---------+-------+---------+---------+-------
      Total |       9 |       0 |   0.0 |       6 |       0 |   0.0
            +---------+---------+-------+---------+---------+-------
        D:1 |       9 |       0 |   0.0 |       6 |       0 |   0.0
            +---------+---------+-------+---------+---------+-------
